 Dungeon Crawl Stone Soup version 0.31-b1-22-gc680215f68 (webtiles) character file.

Game seed: 158985258435452129

1579 James the Summoner (level 8, 0/58 HPs)
             Began as a Merfolk Summoner on Jan 18, 2024.
             Was an Initiate of Gozag.
             Slain by Maurice
             ... wielding a +0 flail
              (8 damage)
             ... on level 7 of the Dungeon.
             The game lasted 00:31:22 (8100 turns).

James the Summoner (Merfolk Summoner)               Turns: 8100, Time: 00:31:23

Health: 0/58       AC:  5    Str:  9    XL:     8   Next: 91%
Magic:  9/17       EV: 13    Int: 16    God:    Gozag
Gold:   0          SH:  4    Dex: 14    Spells: 9/19 levels left

rFire   . . .        z - +0 dagger "X" {vamp, rC+ Stlth+}
rCold   + + .        H - +0 buckler
rNeg    + + .        n - +0 robe
rPois   +            (no helmet)
rElec   .            t - +0 cloak
rCorr   .            (no gloves)
SInv    .            j - +1 pair of boots
Will    .....        (no amulet)
Stlth   +++          r - ring "Taoduu" {*Slow rPois rN++}
HPRegen 0.29/turn    K - ring of protection from cold
MPRegen 0.15/turn

%: slow self (1%)
@: studying Unarmed Combat
A: (nimble swimmer 2), mertail
a: Renounce Religion, Potion Petition, Call Merchant, Bribe Branch


You were on level 7 of the Dungeon.
You worshipped Gozag.
Gozag was noncommittal.
You visited 2 branches of the dungeon, and saw 8 of its levels.
You also visited: Ossuary.

You collected 102 gold pieces.
You paid 102 gold pieces to Gozag.

Inventory:

Hand Weapons
 b - a +0 sling
 w - a +2 long sword of electrocution
 y - a +0 dagger
 z - the +0 dagger "X" (weapon) {vamp, rC+ Stlth+}
   (You found it on level 4 of the Dungeon)

   rC+:       It protects you from cold.
   Stlth+:    It makes you more stealthy.
Missiles
 c - 74 stones
 x - 8 poisoned darts
 J - 3 boomerangs
 L - a curare-tipped dart
 O - 2 darts of dispersal
Armour
 j - a +1 pair of boots (worn)
 k - a +0 leather armour
 l - a +0 ring mail
 n - a +0 robe (worn)
 t - a +0 cloak (worn)
 E - quicksilver dragon scales
 G - a +0 ring mail of cold resistance
 H - a +0 buckler (worn)
Magical Staves
 g - a staff of earth
Jewellery
 r - the ring "Taoduu" (left hand) {*Slow rPois rN++}
   (You found it on level 2 of the Dungeon)

   [ring of poison resistance]

   rPois:     It protects you from poison rN++: It greatly protects you from
   negative energy.
   *Slow:     It may slow you when you take damage.
 K - a ring of protection from cold (right hand)
Wands
 P - a wand of roots (11)
Scrolls
 d - 2 scrolls of teleportation
 f - 2 scrolls of fear {unknown}
 h - 3 scrolls of identify {unknown}
 A - a scroll of enchant weapon {unknown}
 C - 2 scrolls of enchant armour {unknown}
 F - a scroll of torment {unknown}
 I - 2 scrolls of blinking
Potions
 e - 4 potions of haste {unknown}
 i - a potion of attraction {unknown}
 m - 5 potions of curing
 o - 3 potions of enlightenment {unknown}
 p - 3 potions of degeneration {unknown}
 q - a potion of experience {unknown}
 s - 2 potions of heal wounds {unknown}
 u - a potion of magic
 v - 4 potions of mutation {unknown}
 D - a potion of berserk rage {unknown}
 M - a potion of might {unknown}
 N - a potion of lignification {unknown}


   Skills:
 - Level 3.0 Fighting
 - Level 5.0 Dodging
 - Level 3.0 Stealth
 - Level 6.0 Spellcasting
 + Level 8.6 Summonings


You had 9 spell levels left.
You knew the following spells:

 Your Spells              Type           Power      Damage    Failure   Level
a - Summon Small Mammal   Summ           100%       N/A       1%          1
b - Call Imp              Summ           64%        N/A       1%          2
c - Call Canine Familiar  Summ           32%        N/A       1%          3
d - Summon Lightning Spi  Summ/Air       18%        N/A       36%         4

Your spell library contained the following spells:

 Spells                   Type           Power      Damage    Failure   Level
 Magic Dart               Conj           16%        1d3       22%         1
 Necrotise                Necr           16%        1d4       22%         1
 Blink                    Tloc           8%         N/A       32%         2
 Martyr's Knell           Necr/Summ      18%        N/A       36%         4
 Summon Blazeheart Golem  Fire/Summ      18%        N/A       36%         4
 Fugue of the Fallen      Necr           4%         N/A       54%         3
 Ozocubu's Armour         Ice            4%         N/A       54%         3
 Vampiric Draining        Necr           4%         2d6       54%         3
 Manifold Assault         Tloc           4%         N/A       91%         4
 Passage of Golubria      Tloc           4%         N/A       91%         4
 Curse of Agony           Necr           4%         N/A       99%         5
 Silence                  Hex/Air        2%         N/A       99%         5
 Lehudib's Crystal Spear  Conj/Erth      2%         10d2      100%        8


Dungeon Overview and Level Annotations

Branches:
Dungeon (7/15)             Temple (1/1) D:5         Ossuary (visited)

Altars:
Ashenzari
Cheibriados
Dithmenos
Elyvilon
Fedhas
Gozag
Hepliaklqana
Kikubaaqudgha
Makhleb
Nemelex Xobeh
Okawaru
Qazlal
Ru
Sif Muna
Trog
Vehumet
Wu Jian
Xom
Yredelemnul
Zin
The Shining One

Annotations:
D:3 1 runed translucent door, Crazy Yiuf
D:7 Maurice


Innate Abilities, Weirdness & Mutations

((You are very nimble when in or above water. (Stealth+, EV+, Speed+++)))
Your lower body shifts to a powerful aquatic tail in water.


Message History

The boomerang hits you!
Unknown command.
Something blocks your attack.
You hear a zap.
A bolt of dispelling energy appears from out of thin air!
The bolt of dispelling energy hits you!
Unknown command.
You swap places.
Your inugami closely misses something.
Something hits you!
* * * LOW HITPOINT WARNING * * *
Something grunts, "Curses!"
Something bites you.
* * * LOW HITPOINT WARNING * * *
You feel your power leaking away. Something drains your magic.
There is a stone staircase leading up, spattered with blood here.
Your inugami hits something. Something hits you.
* * * LOW HITPOINT WARNING * * *
Something grunts, "Curses!"
Something bites you but does no damage.
You climb upwards.
Your summoned ally is left behind.
Reactivating autopickup.
There is a stone staircase leading down here.
Deactivating autopickup; reactivate with Ctrl-A.
Something blocks your attack.
You hear a zap.
A bolt of dispelling energy appears from out of thin air!
The bolt of dispelling energy hits you!
* * * LOW HITPOINT WARNING * * *
Unknown command.
Something hits you.
* * * LOW HITPOINT WARNING * * *
Something groans, "What are you, a monk?"
Something bites you but does no damage.
You climb downwards.
Level annotation: Maurice Reactivating autopickup.
There is a stone staircase leading up, spattered with blood here.
It was a potion of curing.
You feel better. Something hits you!
You die...
Your body crumbles into a pile of gold.

##. ... #.# ##.##
#...# #[..# #...#
#${.#
######@..######
###.............#
.............#....
###.............##
####.#.$.#.####
#!#...#.#
#.#...#.# #.#...#
# #.#...#


There were no monsters in sight!

Vanquished Creatures
  An ogre (D:4)
  4 hounds
  2 orc wizards
  A hound zombie (Ossuary)
  An adder (D:2)
  An adder zombie (Ossuary)
  3 dart slugs
  2 orcs
  3 endoplasms
  A giant cockroach (D:3)
  5 goblins
  5 hobgoblins
  A kobold (D:2)
  2 quokkas
  2 ball pythons
  2 bats
  A jackal zombie (Ossuary)
  2 rats
39 creatures vanquished.

Vanquished Creatures (collateral kills)
  A sky beast (D:6)
  2 black bears (D:6)
  2 centaurs (D:4)
  2 ogres
  A kobold brigand (D:5)
  A howler monkey (D:4)
  An orc priest (D:6)
  2 bombardier beetles (D:6)
  A hound (D:5)
  A jelly (D:5)
  A sleepcap (D:3)
  3 iguanas (D:5)
  4 orc wizards
  4 mummies (Ossuary)
  4 adders
  A shadow imp (D:6)
  A dart slug (D:1)
  2 ribbon worms
  17 orcs
  3 ball pythons
  2 endoplasms
  A giant cockroach (D:1)
  2 gnoll zombies (Ossuary)
  9 goblins
  8 hobgoblins
  2 jackals (D:1)
  A quokka (D:2)
  A bat (D:3)
  A frilled lizard (D:1)
  2 jackal zombies (Ossuary)
  10 kobolds
  3 kobold zombies (Ossuary)
  2 rats (D:1)
  2 rat zombies (Ossuary)
100 creatures vanquished.

Vanquished Creatures (others)
  An orc wizard (D:6)
  2 orcs (D:7)
  A ball python (D:2)
4 creatures vanquished.

Grand Total: 143 creatures vanquished

Notes
Turn   | Place    | Note
-------+----------+-------------------------------------------
     0 | D:1      | James the Merfolk Summoner began the quest for the Orb.
     0 | D:1      | Reached XP level 1. HP: 13/13 MP: 3/3
   236 | D:1      | Reached XP level 2. HP: 19/19 MP: 1/5
   239 | D:1      | Learned a level 2 spell: Call Imp
   639 | D:1      | Reached XP level 3. HP: 25/25 MP: 1/6
  1166 | D:1      | Learned a level 3 spell: Call Canine Familiar
  1510 | D:2      | Reached skill level 1 in Fighting
  1592 | D:2      | Identified the ring "Taoduu" {*Slow rPois rN++}
  1774 | D:2      | Reached XP level 4. HP: 30/32 MP: 3/7
  2181 | D:3      | Found a blossoming altar of Fedhas.
  2230 | D:3      | Found a runed translucent door.
  2231 | D:3      | Noticed Crazy Yiuf
  2286 | D:3      | Found an iron altar of Okawaru.
  2390 | D:3      | Found an ancient bone altar of Kikubaaqudgha.
  2438 | D:3      | Reached XP level 5. HP: 37/37 MP: 3/9
  2568 | D:3      | Reached skill level 5 in Summonings
  3267 | D:4      | Noticed a centaur
  3267 | D:4      | Noticed a centaur
  3478 | D:4      | Identified the +0 dagger "X" {vamp, rC+ Stlth+}
  3521 | D:4      | Noticed an ogre
  3540 | D:4      | Killed an ogre
  3541 | D:4      | Reached XP level 6. HP: 43/43 MP: 2/11
  3812 | D:4      | Reached skill level 6 in Summonings
  3922 | D:4      | Reached XP level 7. HP: 6/48 MP: 9/13
  4166 | D:4      | Reached skill level 7 in Summonings
  4172 | D:4      | Learned a level 4 spell: Summon Lightning Spire
  4225 | D:4      | Found an ornate altar of the Wu Jian Council.
  4547 | D:4      | Found a sacrificial altar of Ru.
  4622 | D:5      | Entered Level 5 of the Dungeon
  4677 | D:5      | Found a sand-covered staircase.
  4687 | Ossuary  | Entered an ossuary
  5283 | D:5      | Found a staircase to the Ecumenical Temple.
  5379 | Temple   | Entered the Ecumenical Temple
  5396 | Temple   | Became a worshipper of Gozag Ym Sagoz the Greedy
  5605 | D:5      | Reached XP level 8. HP: 56/56 MP: 10/15
  5900 | D:5      | Reached skill level 5 in Dodging
  5900 | D:5      | Reached skill level 5 in Spellcasting
  6353 | D:6      | Reached skill level 8 in Summonings
  7322 | D:7      | Noticed Maurice
  7327 | D:7      | Maurice stole a +0 dagger of speed
  7328 | D:7      | Maurice stole 14 boomerangs
  7336 | D:7      | Maurice stole a +0 kite shield
  7338 | D:7      | Maurice stole 552 gold
  7347 | D:7      | HP: 1/58 [something/bolt of dispelling energy (15)]
  8098 | D:6      | HP: 1/58 [something (2)]
  8100 | D:7      | Slain by Maurice

Illustrated notes

Levels and vault maps discovered:
D:1:      tarquinn_simple_flora_water_a, layout_basic
D:2:      cheibrodos_greedy_goblins, layout_rooms
D:3:      layout_basic, fedhas_altar_3, nicolae_kikubaaqudgha_miasma_corner,
          mainiacjoe_overflow_alcove_4, uniq_crazy_yiuf_cottage
D:4:      layout_basic, nicolae_wu_jian_immortal_techniques,
          nicolae_ru_path_of_blood, minmay_manual_mares
D:5:      layout_loops_ring, temple_hall, nicolae_ossuary_entry_monument
D:6:      layout_basic
D:7:      layout_loops_cross, uniq_jeremiah, uniq_maurice
Temple:   compressed_dpeg_triangle_lava_temple

Skill      XL: |  1  2  3  4  5  6  7  8 |
---------------+-------------------------+-----
Dodging        | 3 4 5 |  5.0
Fighting       | 1 2 3 |  3.0
Stealth        | 3 |  3.0
Summonings     | 5 6 7 8 |  8.6
Spellcasting   | 3 4 6 |  6.0

Action                     |  1- 3 |  4- 6 |  7- 9 || total
---------------------------+-------+-------+-------++-------
  Melee: Unarmed           |    45 |       |       ||    45
         Staff             |     3 |       |       ||     3
         Dagger            |    71 |   107 |   215 ||   393
         Punch             |       |       |     1 ||     1
   Fire: Sling             |       |     2 |       ||     2
   Cast: Summon Small Mamm |    21 |    17 |    29 ||    67
         Call Imp          |    14 |    11 |    25 ||    50
         Call Canine Famil |     1 |     6 |    26 ||    33
    Use: Scroll            |       |       |     6 ||     6
         Potion            |       |       |     1 ||     1
   Stab: Distracted        |     1 |     2 |     6 ||     9
         Sleeping          |     1 |     1 |     3 ||     5
 Armour: Robe              |    55 |    81 |   195 ||   331
  Dodge: Dodged            |    82 |    95 |   169 ||   346
  Block: Buckler           |       |       |    21 ||    21
